 Dungeon Sprint DCSS version 0.29.1-15-g9cfb28693d (webtiles) character file.

Game seed: 9634826706467465401

1500000 Nonny the Talismancer (level 15, -30/84 HPs)
             Began as a Vine Stalker Artificer on Feb 26, 2023.
             Was a Believer of Makhleb.
             Annihilated by a meat berserker
             ... wielding a +9 battleaxe
              (62 damage)
             ... in the Dungeon (Sprint VIII: "Arena of Blood").
             The game lasted 00:01:07 (15 turns).

Nonny the Talismancer (Vine Stalker Artificer)        Turns: 15, Time: 00:01:08

Health: -30/84     AC:  5    Str: 15    XL:     15   Next: 25%
Magic:  0/16       EV: 17    Int: 11    God:    Makhleb [**....]
Gold:   0          SH:  0    Dex: 22    Spells: 14/14 levels left

rFire   . . .      SeeInvis .   k - +∞ Axe of Woe
rCold   . . .      Faith    .   (shield currently unavailable)
rNeg    . . .      Spirit   +   b - +0 leather armour
rPois   .          Reflect  .   (no helmet)
rElec   .          Harm     .   (no cloak)
rCorr   .          Rampage  .   (no gloves)
Will    +....      NoTele   +   (no boots)
Stlth   +++.......              (no amulet)
HPRegen 1.04/turn               (no ring)
MPRegen 0.15/turn               (no ring)

@: no status effects
A: fangs 3, regeneration 1, magic shield, antimagic bite, no potion heal 2
a: Renounce Religion, Minor Destruction


You were in the Dungeon.
You worshipped Makhleb.
Makhleb was pleased with you.
You visited 1 branch

Inventory:

Hand Weapons
 a - a +0 club
 k - the +∞ Axe of Woe (weapon)
   (You found it in the Dungeon)
Armour
 b - a +0 leather armour (worn)
Wands
 c - a wand of flame (15) (quivered)
 d - a wand of charming (15)
 e - a wand of iceblast (5)
Scrolls
 j - a scroll of blinking
Potions
 f - a potion of curing
 g - a potion of haste
 h - 2 potions of magic
 i - a potion of berserk rage


   Skills:
 + Level 12.0 Fighting
 + Level 16.0 Axes
 + Level 17.9 Armour
 + Level 7.6 Dodging
 + Level 6.2 Stealth
 O Level 27 Evocations


You had 14 spell levels left.
You didn't know any spells.
Your spell library was empty.

Dungeon Overview and Level Annotations

Branches:
Dungeon (1/1)

Altars:
Makhleb


Innate Abilities, Weirdness & Mutations

You have razor-sharp teeth.
Your natural rate of healing is unusually fast.
When hurt, damage is shared between your health and your magic reserves.
Your bite disrupts and absorbs the magic of your enemies.
Potions cannot restore your health.


Message History

A bag of meat comes into view. It is wielding a +9 war axe.
The bag of meat appears out of thin air!
A bag of meat comes into view. It is wielding a +9 war axe.
The bag of meat shouts!
You hear a shout! x5
The meat berserker rages.
You hear a shout! x6
Your Fighting skill gained 2 levels and is now at level 12!
Your Axes skill gained 3 levels and is now at level 16!
Your Armour skill increases to level 17!
Your Dodging skill increases to level 7!
Your Stealth skill increases to level 6!
You have reached level 15!
Your experience leads to an increase in your attributes!
Increase (S)trength, (I)ntelligence, or (D)exterity?
You feel agile. x2
Unknown command.
A bag of meat comes into view. It is wielding a +9 war axe.
You hear a shout! x4
A bag of meat comes into view. It is wielding a +9 war axe. x2
You hear a shout! x2; The bag of meat shouts!
You hear a shout! x2
Things that are here:
a +9 war axe; a +30 ring of slaying; a bag of meat corpse Unknown command.
Unknown command.
A meat berserker and a bag of meat come into view.
The bag of meat appears out of thin air!
A bag of meat comes into view. It is wielding a +9 war axe.
The meat berserker shouts!
The bag of meat shouts! x2; You hear a shout! x11
A bag of meat comes into view. It is wielding a +9 war axe.
You hear a shout! x4
The bag of meat hits you with a +9 war axe!!
The bag of meat attacks as you move away!
The bag of meat hits you with a +9 war axe!! 2 bags of meat come into view.
The meat berserker appears out of thin air!
A meat berserker comes into view. It is wielding a +9 battleaxe.
The bag of meat shouts!
The meat berserker shouts!
You hear a shout!
The meat berserker hits you with a +9 battleaxe!!!
Ouch! That really hurt!
You die...

.......... .
....o.O.... .o
......... ...
#...o...# ....
#.......# o..O.
.###.......###......
......###.)...O.....
......._.).@Oo......
....#....)#)......#.
. #_.<._#.......o.
#.....#.....o#.#
....o_.....O......
......###.....o...#.
.###o. ...###o....
#.. ...# .o... #..
..#


You could see 5 meat berserkers and 11 bags of meat.

Vanquished Creatures
  3 ogres (D)
  4 orcs (D)
7 creatures vanquished.

Notes
Turn   | Place    | Note
-------+----------+-------------------------------------------
     0 | D        | Found the +∞ Axe of Woe
     0 | D        | Nonny the Vine Stalker Artificer began the quest for the
                  | Orb.
     0 | D        | Reached XP level 1. HP: 9/9 MP: 2/2
     0 | D        | Noticed a bag of meat
     3 | D        | Became a worshipper of Makhleb the Destroyer
     4 | D        | Noticed a meat berserker
     4 | D        | Noticed a bag of meat
     4 | D        | Noticed a bag of meat
     6 | D        | Killed a bag of meat
     6 | D        | Noticed a bag of meat
     7 | D        | Reached skill level 19 in Evocations
     7 | D        | Reached XP level 2. HP: 18/18 MP: 3/3
     7 | D        | Reached XP level 3. HP: 22/22 MP: 4/4
     7 | D        | Gained mutation: Your natural rate of healing is unusually
                  | fast. [Vine Stalker growth]
     7 | D        | Reached XP level 4. HP: 26/26 MP: 5/5
     7 | D        | Reached XP level 5. HP: 30/30 MP: 6/6
     7 | D        | Reached XP level 6. HP: 35/35 MP: 7/7
     7 | D        | Reached XP level 7. HP: 38/38 MP: 8/8
     7 | D        | Gained mutation: You have razor-sharp teeth. [Vine Stalker
                  | growth]
     7 | D        | Reached XP level 8. HP: 42/42 MP: 9/9
     7 | D        | Reached XP level 9. HP: 46/46 MP: 10/10
     7 | D        | Reached XP level 10. HP: 51/51 MP: 11/11
     7 | D        | Reached XP level 11. HP: 54/54 MP: 12/12
     8 | D        | Noticed a meat berserker
     9 | D        | Killed a meat berserker
     9 | D        | Reached * piety under Makhleb
     9 | D        | Killed a bag of meat
     9 | D        | Killed a bag of meat
     9 | D        | Noticed a meat berserker
    10 | D        | Reached skill level 5 in Dodging
    10 | D        | Reached skill level 26 in Evocations
    10 | D        | Reached XP level 12. HP: 64/64 MP: 13/13
    10 | D        | Reached XP level 13. HP: 68/68 MP: 14/14
    10 | D        | Killed a bag of meat
    10 | D        | Reached ** piety under Makhleb
    10 | D        | Noticed a bag of meat
    10 | D        | Noticed a bag of meat
    11 | D        | Reached skill level 10 in Axes
    11 | D        | Reached skill level 27 in Evocations
    11 | D        | Reached XP level 14. HP: 74/74 MP: 15/15
    11 | D        | Killed a meat berserker
    11 | D        | Noticed a meat berserker
    11 | D        | Noticed a bag of meat
    11 | D        | Noticed a bag of meat
    11 | D        | Noticed a meat berserker
    12 | D        | Reached skill level 10 in Fighting
    12 | D        | Reached skill level 5 in Stealth
    12 | D        | Noticed a meat berserker
    12 | D        | Killed a meat berserker
    12 | D        | Noticed a bag of meat
    13 | D        | Reached XP level 15. HP: 84/84 MP: 16/16
    14 | D        | Noticed a meat berserker
    15 | D        | Noticed a meat berserker
    15 | D        | Annihilated by a meat berserker

Illustrated notes

Levels and vault maps discovered:
D:        meatsprint

Skill      XL: |  1  2  3  4  5  6  7  8  9 10 11 12 13 14 |
---------------+-------------------------------------------+-----
Fighting       | 4 7 8 12 | 12.0
Axes           | 4 9 10 16 | 16.0
Armour         | 9 13 14 17 | 17.9
Dodging        | 3 5 7 |  7.6
Stealth        | 3 6 |  6.2
Evocations     | 19 26 27 | 27.0

Action                   |  1- 3 |  4- 6 |  7- 9 | 10-12 | 13-15 || total
-------------------------+-------+-------+-------+-------+-------++-------
Melee: Executioner's axe |     1 |       |       |     1 |     3 ||     5
